 Dungeon Crawl Stone Soup version 0.27-a0-1281-ge233d83751 (webtiles) character file.

Game seed: 6617577259782908337

2860 27snakeeyes612 the Chopper (level 9, -1/47 HPs)
             Began as a Vine Stalker Fighter on June 14, 2021.
             Was a Believer of Makhleb.
             Killed by divine providence
             ... invoked by an orc priest
              (10 damage)
             ... on level 7 of the Dungeon.
             The game lasted 00:06:05 (5719 turns).

27snakeeyes612 the Chopper (Vine Stalker Fighter)   Turns: 5719, Time: 00:06:06

Health: -1/47      AC: 10    Str: 22    XL:     9   Next: 75%
Magic:  0/10       EV:  9    Int:  8    God:    Makhleb [**....]
Gold:   259        SH: 10    Dex: 14    Spells: 8/8 levels left

rFire    . . .     SeeInvis .   a - +0 war axe
rCold    . . .     Faith    .   c - +0 kite shield
rNeg     . . .     Spirit   +   b - +0 scale mail
rPois    .         Reflect  .   (no helmet)
rElec    .         Harm     .   (no cloak)
rCorr    .         Rampage  .   (no gloves)
Will     +....                  d - +2 pair of boots {Fly}
Stlth    ..........             g - amulet of magic regeneration
HPRegen  1.15/turn              (no ring)
MPRegen  0.37/turn              (no ring)

@: flying
A: fangs 3, regeneration 1, magic shield, antimagic bite, no potion heal 2
a: Renounce Religion, Minor Destruction


You were on level 7 of the Dungeon.
You worshipped Makhleb.
Makhleb was pleased with you.
You visited 2 branches of the dungeon, and saw 8 of its levels.

You collected 259 gold pieces.

Inventory:

Hand Weapons
 a - a +0 war axe (weapon)
Armour
 b - a +0 scale mail (worn)
 c - a +0 kite shield (worn)
 d - a +2 pair of boots of flying (worn)
Jewellery
 g - an amulet of magic regeneration (around neck)
 j - a ring of protection from cold
Wands
 s - a wand of acid (10) (quivered)
Scrolls
 e - 7 scrolls of identify {unknown}
 f - 2 scrolls of enchant weapon {unknown}
 k - a scroll of enchant armour {unknown}
 l - a scroll of fog {unknown}
 m - a scroll of immolation {unknown}
 u - a scroll of vulnerability {unknown}
 v - a scroll of acquirement {unknown}
Potions
 h - 5 potions of attraction {unknown}
 i - a potion of brilliance {unknown}
 n - a potion of resistance {unknown}
 o - a potion of lignification {unknown}
 p - a potion of might
 q - a potion of curing {unknown}
 r - a potion of heal wounds {unknown}
 t - a potion of mutation {unknown}


   Skills:
 + Level 5.2 Fighting
 + Level 7.8 Axes
 + Level 5.4 Armour
 + Level 2.9 Dodging
 + Level 1.2 Stealth
 + Level 5.6 Shields


You had 8 spell levels left.
You didn't know any spells.
Your spell library contained the following spells:

 Spells                   Type           Power      Damage    Failure   Level
 Foxfire                  Conj/Fire      0%         2x1d4     98%         1
 Sandblast                Erth           0%         2d4       98%         1
 Passwall                 Tmut/Erth      0%         N/A       99%         2
 Confusing Touch          Hex            0%         N/A       100%        3
 Conjure Flame            Conj/Fire      0%         6-21      100%        3
 Gell's Gravitas          Tloc           0%         N/A       100%        3
 Inner Flame              Hex/Fire       0%         N/A       100%        3
 Stone Arrow              Conj/Erth      0%         3d7       100%        3
 Petrify                  Tmut/Erth      0%         N/A       100%        4
 Sticky Flame             Conj/Fire      0%         2d3       100%        4
 Fireball                 Conj/Fire      0%         3d3       100%        5
 Lee's Rapid Deconstruct  Erth           0%         3d5*      100%        5
 Metabolic Englaciation   Hex/Ice        0%         N/A       100%        5
 Yara's Violent Unravell  Hex/Tmut       0%         3d3       100%        5


Dungeon Overview and Level Annotations

Branches:
Dungeon (7/15)             Temple (1/1) D:4

Altars:
Ashenzari
Cheibriados
Dithmenos
Elyvilon
Fedhas
Gozag
Hepliaklqana
Kikubaaqudgha
Makhleb
Nemelex Xobeh
Okawaru
Qazlal
Ru
Sif Muna
Trog
Uskayaw
Vehumet
Wu Jian
Xom
Yredelemnul
Zin
The Shining One

Annotations:
D:7 Menkaure


Innate Abilities, Weirdness & Mutations

You have razor-sharp teeth.
Your natural rate of healing is unusually fast.
When hurt, damage is shared between your health and your magic reserves.
Your bite disrupts and absorbs the magic of your enemies.
Potions cannot restore your health.


Message History

The orc priest calls down the wrath of Beogh upon you.
Beogh smites you!
The orc priest moves out of view.
Found a spear.
There is an open door here.
There are monsters nearby!
The orc priest begins to cast a cantrip, but forgets the words!
The orc priest looks satisfied for a moment.
Menkaure calls on the powers of darkness!
Your body is wracked with pain!
The orc wizard convulses!
You block Menkaure's attack.
You slash Menkaure! You bite Menkaure, but do no damage.
Menkaure is heavily damaged.
The orc priest calls upon Beogh to heal the orc wizard.
The orc wizard is healed somewhat.
The orc priest invokes the aid of Beogh against you.
Beogh smites you! Menkaure hits you!
* * * LOW HITPOINT WARNING * * *
The orc priest miscasts a cantrip.
The orc wizard points at you and mumbles some strange words.
You resist with almost no effort.
The orc priest mumbles some strange prayers to Beogh against you.
Beogh smites you!
* * * LOW HITPOINT WARNING * * *
The orc priest hits you from afar with a +0 trident.
* * * LOW HITPOINT WARNING * * *
The orc closely misses you.
There is an open door here.
Okay, then.
The orc wizard points at you and mumbles some strange words.
The puff of flame hits you.
* * * LOW HITPOINT WARNING * * *
The orc priest looks encouraged for a moment.
Menkaure opens the door.
The orc wizard mumbles some strange words.
The orc wizard flickers and vanishes!
Deactivating autopickup; reactivate with Ctrl-A.
There is an open door here.
The orc priest mumbles some strange prayers to Beogh against you.
Beogh smites you!
You die...

.........# #.........# #....
..........# #.........#
#................# #.........#
#................# #<...######
#..).............# #....'...#
#...... .........# #....#...#
##..... .........####....#...#
......#####'##'#.........##'###
......'.ooMo{..'@........#....#
......#........#.........#....#
......#..##....#.........#....#
......##########.....#####....#
........ #.....#..#.....#
.......... #.....#..'.....#
######....# #.....#####....#
...... ......#..##....# ......
#..##....#


You could see Menkaure, an orc priest and an orc.

Vanquished Creatures
  A shadow (D:4)
  Eustachio (D:4)
  A steam dragon (D:6)
  Edmund (D:3)
  An orc warrior (D:6)
  A sky beast (D:6)
  2 black bears (D:4)
  3 ice beasts
  3 ogres
  2 necrophages
  A phantom (D:5)
  A bullfrog (D:6)
  2 gnoll sergeants (D:5)
  A scorpion (D:4)
  A wyvern skeleton (D:5)
  5 wights
  3 hounds
  A bullfrog zombie (D:6)
  6 jellies
  A centaur skeleton (D:5)
  2 orc priests
  A gnoll shaman (D:5)
  An orc wizard (D:6)
  4 gnolls (D:5)
  11 adders
  A shadow imp (D:4)
  An ufetubus (D:4)
  23 orcs
  2 ball pythons
  10 bats
  5 endoplasms
  2 giant cockroaches
  2 goblins (D:1)
  7 hobgoblins
  6 jackals (D:3)
  5 quokkas
  3 frilled lizards
  7 kobolds
  6 rats
137 creatures vanquished.

Vanquished Creatures (others)
  50 plants (D:6)
50 creatures vanquished.

Grand Total: 187 creatures vanquished

Notes
Turn   | Place    | Note
-------+----------+-------------------------------------------
     0 | D:1      | 27snakeeyes612 the Vine Stalker Fighter began the quest for
                  | the Orb.
     0 | D:1      | Reached XP level 1. HP: 11/11 MP: 2/2
   178 | D:1      | Reached skill level 2 in Axes
   178 | D:1      | Reached XP level 2. HP: 16/16 MP: 3/3
   289 | D:1      | You fall into a shaft and drop 1 floor!
  1042 | D:1      | Reached XP level 3. HP: 19/19 MP: 4/4
  1112 | D:1      | Found a faded altar of an unknown god.
  1954 | D:3      | Gained mutation: Your natural rate of healing is unusually
                  | fast. [Vine Stalker growth]
  1954 | D:3      | Reached XP level 4. HP: 20/24 MP: 5/5
  2337 | D:3      | Reached XP level 5. HP: 16/28 MP: 4/6
  2346 | D:3      | Reached skill level 3 in Axes
  2346 | D:3      | Reached skill level 1 in Dodging
  2617 | D:3      | Noticed an ice beast
  2629 | D:3      | Killed an ice beast
  2630 | D:3      | Reached XP level 6. HP: 18/32 MP: 7/7
  2746 | D:4      | Noticed Edmund
  2760 | D:3      | Killed Edmund
  2761 | D:3      | Reached skill level 4 in Axes
  2773 | D:4      | Noticed a black bear
  2784 | D:4      | Killed a black bear
  2785 | D:4      | Reached XP level 7. HP: 36/36 MP: 8/8
  2999 | D:4      | Found a staircase to the Ecumenical Temple.
  3022 | Temple   | Entered the Ecumenical Temple
  3182 | Temple   | Became a worshipper of Makhleb the Destroyer
  3229 | D:4      | Noticed Eustachio
  3246 | D:4      | Killed Eustachio
  3276 | D:4      | Found a shadowy altar of Dithmenos.
  3527 | D:5      | Entered Level 5 of the Dungeon
  3530 | D:5      | Reached skill level 5 in Axes
  3619 | D:5      | Gained mutation: You have razor-sharp teeth. [Vine Stalker
                  | growth]
  3619 | D:5      | Reached XP level 8. HP: 42/42 MP: 9/9
  3800 | D:5      | Noticed a shadow
  3840 | D:4      | Killed a shadow
  3841 | D:4      | Reached skill level 1 in Stealth
  3998 | D:4      | Reached skill level 6 in Axes
  4049 | D:4      | Reached skill level 5 in Shields
  4088 | D:5      | HP: 2/42 [wyvern skeleton (4)]
  4407 | D:5      | Reached * piety under Makhleb
  4408 | D:5      | Reached XP level 9. HP: 44/46 MP: 10/10
  4753 | D:6      | Paralysed by a wight for 5 turns
  4901 | D:5      | Reached skill level 5 in Armour
  5028 | D:6      | Reached skill level 7 in Axes
  5126 | D:6      | Reached skill level 5 in Fighting
  5200 | D:6      | Reached ** piety under Makhleb
  5704 | D:7      | Noticed Menkaure
  5709 | D:7      | HP: 2/47 [orc priest (2)]
  5719 | D:7      | Killed from afar by an orc priest

Illustrated notes

Levels and vault maps discovered:
D:1:      lemuel_arrival_funnel, layout_loops_ring,
          ebering_ecumenical_altar_petrified, hangedman_decor_opposing,
          chequers_serial_rivers_room_b, minivault_11
D:2:      layout_rooms, st_stairs_9, serial_bayou_crossing
D:3:      minmay_evil_eye, layout_loops_corners, amethyst_killhole,
          glass_columns_a
D:4:      layout_basic, nicolae_dithmenos_through_a_glass_darkly,
          minmay_temple_entry_trees, ebering_dispersal_statue_hall,
          uniq_eustachio, uniq_edmund
D:5:      minmay_octagon_keep, layout_cave_pools, hangedman_decor_growths
D:6:      layout_loops_ring, kennysheep_boxes
D:7:      layout_gridville, uniq_maggie, uniq_menkaure, uniq_joseph
Temple:   kilobyte_greek_temple

Skill      XL: |  1  2  3  4  5  6  7  8  9 |
---------------+----------------------------+-----
Axes           | 2 3 4 5 6 7 |  7.8
Shields        | 3 4 5 |  5.6
Fighting       | 3 4 5 |  5.2
Armour         | 3 4 5 |  5.4
Dodging        | 1 2 |  2.9
Stealth        | 1 |  1.2

Action                   |  1- 3 |  4- 6 |  7- 9 || total
-------------------------+-------+-------+-------++-------
Melee: War axe           |   102 |    82 |   266 ||   450
       Bite              |    23 |    24 |    86 ||   133
Evoke: Wand              |       |       |     1 ||     1
  Use: Potion            |       |     1 |       ||     1
Armor: Scale mail        |    65 |    36 |   123 ||   224
Dodge: Dodged            |    36 |    21 |   133 ||   190
Block: Kite shield       |    47 |    46 |   199 ||   292

Table legend: (Time is in decaauts)
 A = Elapsed time spent in this place.
 B = Non-inter-level travel time spent in this place.
 C = Inter-level travel time spent in this place.
 D = Time resting spent in this place.
 E = Time spent auto-exploring this place.
 F = Levels seen in this place.
 G = Mean time per level.
                   A        B        C        D        E       F      G
               +--------+--------+--------+--------+--------+-----+--------+
         Total |   5961 |   5825 |    136 |    424 |   4073 |   8 |  745.1 |
       Dungeon |   5759 |   5623 |    136 |    424 |   3925 |   7 |  822.7 |
        Temple |    202 |    202 |      0 |      0 |    148 |   1 |  202.0 |
               +--------+--------+--------+--------+--------+-----+--------+

Top non-repeatable levels by time:
     D:3: 1192 daAuts
     D:5: 1049 daAuts
     D:4: 922 daAuts
     D:1: 902 daAuts
     D:6: 827 daAuts
     D:2: 781 daAuts
  Temple: 202 daAuts
     D:7: 82 daAuts
